 Dungeon Crawl Stone Soup version 0.21-a0-349-g0c35859 (webtiles) character file.

2239 TheGoonsmith the Cleaver (level 9, 0/72 HPs)
             Began as a Formicid Fighter on Oct 8, 2017.
             Was a Follower of Okawaru.
             Slain by an ogre
             ... wielding a +0 giant club
              (7 damage)
             ... on level 7 of the Dungeon.
             The game lasted 00:07:46 (4335 turns).

TheGoonsmith the Cleaver (Formicid Fighter)         Turns: 4335, Time: 00:07:47

Health: 0/72       AC: 11    Str: 24    XL:     9   Next: 63%
Magic:  9/9        EV:  7    Int:  8    God:    Okawaru [*.....]
Gold:   225        SH: 15    Dex: 10    Spells: 8/8 levels left

rFire    . . .     SeeInvis +   a - +1 war axe
rCold    . . .     Gourm    .   c - +0 shield
rNeg     . . .     Faith    .   k - +0 chain mail
rPois    .         Spirit   .   (helmet unavailable)
rElec    .         Reflect  +   o - +0 cloak
rCorr    .         Harm     .   t - +0 pair of gloves
MR       .....                  (no boots)
Stlth    ..........             s - +4 amulet of reflection
HPRegen  0.22/turn              (no ring)
MPRegen  0.11/turn              (no ring)

@: lethally poisoned (0 -> -2)
A: permanent stasis, dig shafts and tunnels, four strong arms, antennae 3
a: Dig, Shaft Self, Heroism, Renounce Religion


You were on level 7 of the Dungeon.
You worshipped Okawaru.
Okawaru was aware of your devotion.
You were hungry.

You visited 2 branches of the dungeon, and saw 8 of its levels.

You collected 225 gold pieces.

Inventory:

Hand Weapons
 a - a +1 war axe (weapon)
 l - a +2 hunting sling of flaming
Missiles
 h - 8 tomahawks (quivered)
Armour
 b - a +0 scale mail
 c - a +0 shield (worn)
 k - a +0 chain mail (worn)
 o - a +0 cloak (worn)
 t - a +0 pair of gloves (worn)
 x - a +0 plate armour
Jewellery
 e - an uncursed amulet of regeneration
 p - an uncursed amulet of faith
 s - a +4 amulet of reflection (around neck)
 v - a +3 ring of dexterity {unknown}
Wands
 n - a wand of paralysis (12/24)
 r - a wand of enslavement (12/24)
Scrolls
 d - 2 scrolls of fog
 w - a scroll of amnesia
Potions
 g - a potion of agility {unknown}
 i - a potion of lignification {unknown}
 m - 3 potions of curing {unknown}
 q - a potion of ambrosia {unknown}
 u - 2 potions of brilliance {unknown}
Books
 y - a book of Maledictions

   Spells                             Type                      Level
   a - Corona                         Hexes                        1
   b - Ensorcelled Hibernation        Hexes/Ice                    2
   c - Confuse                        Hexes                        3
   d - Tukima's Dance                 Hexes                        3
   e - Dazzling Spray                 Conjuration/Hexes            3
Comestibles
 f - 3 bread rations
 j - 4 meat rations


   Skills:
 + Level 7.4 Fighting
 * Level 8.9 Axes
 - Level 3.2 Armour
 + Level 8.2 Shields


You had 8 spell levels left.
You didn't know any spells.

Dungeon Overview and Level Annotations

Branches:
Dungeon (8/15)             Temple (1/1) D:7
   Lair: D:8-11

Altars:
Ashenzari
Cheibriados
Dithmenos
Elyvilon
Fedhas
Gozag
Makhleb
Nemelex Xobeh
Okawaru
Qazlal
Sif Muna
Trog
Vehumet
Xom
Yredelemnul
The Shining One

Shops:
D:4 :

Annotations:
D:2 Robin, Sigmund
D:8 bombasticus's ghost, novice MiBe


Innate Abilities, Weirdness & Mutations

You cannot be hasted, slowed, berserked, paralysed or teleported.
You can dig through walls and to a lower floor.
Your four strong arms can wield two-handed weapons with a shield.
You have a pair of large antennae on your head. (SInv)


Message History

Pikel is severely wounded.
Pikel barely misses you.
You slash Pikel!
You kill Pikel!
Okawaru is honoured by your kill.
You can now gain great but temporary skills.
Your Shields skill increases to level 8!
With Pikel's spell broken, the former slaves thank you for their freedom.
You feel sick.
The freed slave hits the ogre but does no damage.
The freed slave hits the ogre.
You hit the ogre.
The ogre is moderately wounded.
You feel sick. The ogre hits you with a giant club!!
* * * LOW HITPOINT WARNING * * *
The freed slave closely misses the ogre.
You barely miss the ogre.
The ogre is moderately wounded.
The ogre hits you with a giant club!
You die...

### #### #.. #...####### #..
........p#################..
#......p.O@................
#.....pp##############.....
..#.......##############.##..
.................).>)..[.####
.###......###########.[[...#
..........###......##......#
..#.......##........#.{....#
# #....####...>......).....#
#.... #................#


You could see an ogre and 4 neutral freed slaves.

Vanquished Creatures
  Pikel (D:7)
  A hungry ghost (D:8)
  Duvessa (D:4)
  An orc warrior (D:7)
  2 ice beasts (D:5)
  A sky beast (D:7)
  2 ogres (D:7)
  A centaur (D:5)
  A bullfrog (D:7)
  A scorpion (D:8)
  Dowan (D:4)
  6 killer bees
  A bullfrog zombie (D:5)
  A hound (D:7)
  2 centaur skeletons (D:7)
  Terence (D:3)
  2 iguanas
  4 worker ants
  2 orc wizards (D:7)
  A killer bee zombie (D:5)
  7 adders
  An ooze (D:1)
  An adder zombie (D:5)
  3 worms
  2 dart slugs
  2 leopard geckos
  8 orcs
  4 giant cockroaches
  9 goblins
  2 hobgoblins
  3 jackals (D:4)
  3 kobolds
  A quokka (D:3)
  4 bats
  3 frilled lizards (D:1)
  A quokka skeleton (D:7)
  8 rats
95 creatures vanquished.

Vanquished Creatures (others)
  A killer bee (D:7)
  A plant (D:7)
2 creatures vanquished.

Grand Total: 97 creatures vanquished

Notes
Turn   | Place    | Note
-------+----------+-------------------------------------------
     0 | D:1      | TheGoonsmith the Formicid Fighter began the quest for the Orb.
     0 | D:1      | Reached XP level 1. HP: 18/18 MP: 1/1
   134 | D:1      | Reached XP level 2. HP: 21/24 MP: 2/2
   596 | D:1      | Reached XP level 3. HP: 26/29 MP: 3/3
  1047 | D:2      | Noticed Sigmund
  1047 | D:2      | Noticed Robin
  1166 | D:3      | Reached XP level 4. HP: 5/37 MP: 4/4
  1549 | D:3      | Noticed Terence
  1556 | D:3      | Killed Terence
  1556 | D:3      | Reached XP level 5. HP: 42/42 MP: 5/5
  2403 | D:4      | Noticed Dowan
  2405 | D:4      | Noticed Duvessa
  2410 | D:4      | Killed Dowan
  2418 | D:4      | HP: 1/43 [Duvessa/short sword (6)]
  2420 | D:4      | Killed Duvessa
  2420 | D:4      | Reached skill level 5 in Shields
  2420 | D:4      | Reached XP level 6. HP: 1/49 MP: 6/6
  2781 | D:4      | Found Bucaad's Book Emporium.
  3019 | D:5      | Entered Level 5 of the Dungeon
  3035 | D:5      | Noticed an ice beast
  3040 | D:5      | Killed an ice beast
  3040 | D:5      | Reached skill level 5 in Axes
  3040 | D:5      | Reached XP level 7. HP: 32/55 MP: 7/7
  3171 | D:5      | Reached skill level 5 in Fighting
  3479 | D:5      | You fall through a shaft for 3 floors!
  3479 | D:8      | Found a shattered altar of Ashenzari.
  3485 | D:8      | Reached XP level 8. HP: 63/63 MP: 8/8
  3754 | D:7      | Found a staircase to the Ecumenical Temple.
  3830 | D:7      | Reached XP level 9. HP: 27/71 MP: 9/9
  4005 | D:8      | Noticed bombasticus's ghost (novice MiBe)
  4132 | Temple   | Entered the Ecumenical Temple
  4241 | Temple   | Became a worshipper of Warmaster Okawaru
  4304 | D:7      | Noticed Pikel
  4333 | D:7      | Killed Pikel
  4333 | D:7      | Reached * piety under Okawaru
  4335 | D:7      | Slain by an ogre

Vault maps used:
D:1:      nicolae_arrival_washed_ashore
D:2:      lemuel_doored_altar, minmay_heptomino_l4, uniq_sigmund, uniq_robin
D:3:      first_bread, uniq_terence
D:4:      serial_shops, nicolae_shop_trees, uniq_duvessa
D:7:      hangedman_cross_stitches, nicolae_ru_sacrificial_ziggurat,
          minmay_temple_entry_butterflies, serial_bayou, serial_bayou_crossing,
          serial_bayou_pond_e, serial_bayou_pond_b, serial_bayou_pond_d,
          uniq_pikel
D:8:      ashenzari_altar_1, uniq_maurice
Temple:   regret_index_temple_waves

Skill      XL: |  1  2  3  4  5  6  7  8  9 |
---------------+----------------------------+-----
Shields        | 4 5 6 7 8 |  8.2
Axes           | 3 4 5 6 7 8 |  8.9
Fighting       | 4 5 6 7 |  7.4
Armour         | |  3.2

Action                   |  1- 3 |  4- 6 |  7- 9 || total
-------------------------+-------+-------+-------++-------
Melee: War axe           |    94 |    80 |   218 ||   392
Evoke: Wand              |       |       |     1 ||     1
  Use: Scroll            |       |    11 |     1 ||    12
       Potion            |       |     1 |       ||     1
  Eat: Chunk             |     1 |     5 |     5 ||    11
       Bread ration      |       |       |     2 ||     2
Armor: Scale mail        |    48 |    30 |    26 ||   104
       Chain mail        |       |       |    48 ||    48
Dodge: Dodged            |    25 |    26 |    44 ||    95
Block: Shield            |    58 |    51 |   192 ||   301
       Reflection        |       |       |     3 ||     3

Table legend:
 A = Spawn XP
 B = Non-spawn XP
 C = Spawn XP percentage of total XP
 D = Spawn monster count
 E = Non-spawn monster count
 F = Spawn count percentage of total count
 G = Total turns spent on level
                    A         B        C        D         E        F      G
               +---------+---------+-------+---------+---------+-------+---------
         Total |       0 |    3199 |   0.0 |       0 |      96 |   0.0 |  4335
               +---------+---------+-------+---------+---------+-------+---------
           D:1 |       0 |      43 |   0.0 |       0 |      25 |   0.0 |  1103
           D:2 |       0 |       4 |   0.0 |       0 |       1 |   0.0 |    51
           D:3 |       0 |     110 |   0.0 |       0 |      15 |   0.0 |   998
           D:4 |       0 |     254 |   0.0 |       0 |      10 |   0.0 |   867
           D:5 |       0 |     584 |   0.0 |       0 |      17 |   0.0 |   460
           D:7 |       0 |    1853 |   0.0 |       0 |      24 |   0.0 |   388
           D:8 |       0 |     351 |   0.0 |       0 |       4 |   0.0 |   343
               +---------+---------+-------+---------+---------+-------+---------
